cohdb
Replays
Latest Replays
All Replays
Popular Replays
Top Player Replays
Match Explorer
How It Works
Community
CoH3 Stats
Reddit
Sign in to upload your games and track your stats! →
Sign in with Steam
Match 42788431
Unlisted
Match 42788431
Overview
Messages
Build Orders
End
Kettenkrad Recon Vehicle
Construct Infanterie Kompanie
Selects Luftwaffe Battlegroup
Selects Luftwaffe Pioneer Support
Fallschirmpioneer Squad Paradrop
MG 42 Machine Gun Team
Fallschirmpioneer Squad Paradrop
Selects Stuka Strafing Run
Construct Panzergrenadier Kompanie
Selects Fallschirmjäger Squad Paradrop
Fallschirmjäger Squad Paradrop
Construct Panzer Kompanie
Fallschirmjäger Squad Paradrop
Sturmpanzer IV Brummbär
Stuka Strafing Run
Selects Stuka Loiter
Panzer IV Medium Tank
Side Skirts
Panzer IV Medium Tank
Stuka Strafing Run
Stuka Loiter
Stuka Strafing Run
Panzer IV Medium Tank
nidjo
Rivi
Bloody_Crusader
muie mihnea
kerem
<<[GOD]PreDaToR>>
ShadowStorm
Pfeiffer
0
0
Comments
sign in to comment!
No comments posted yet!